 Dungeon Crawl Stone Soup version 0.19-a0-1534-g03f6967 (webtiles) character file.

23 Ryco the Chopper (level 2, 0/26 HPs)
             Began as a Minotaur Berserker on Sept 13, 2016.
             Was a Follower of Trog.
             Slain by a rat (2 damage)
             ... on level 1 of the Dungeon.
             The game lasted 00:01:42 (142 turns).

Ryco the Chopper (Minotaur Berserker)                Turns: 142, Time: 00:01:43

Health: 0/26       AC:  2    Str: 21    XL:     2   Next: 72%
Magic:  1/1        EV: 12    Int:  4    God:    Trog [*.....]
Gold:   22         SH:  0    Dex:  9    Spells: 0 memorised, 1 level left

rFire  . . .     SeeInvis .     a - +0 hand axe
rCold  . . .     Gourm    .     b - +0 animal skin
rNeg   . . .     Faith    .     (no shield)
rPois  .         Spirit   .     (helmet restricted)
rElec  .         Dismiss  .     (no cloak)
rCorr  .         Reflect  .     (no gloves)
MR     .....     Harm     .     (no boots)
Stlth  +.........               (no amulet)
                                (no ring)
                                (no ring)

@: no status effects
A: retaliatory headbutt, horns 2
a: Berserk, Burn Spellbooks, Renounce Religion


You were on level 1 of the Dungeon.
You worshipped Trog.
Trog was aware of your devotion.
You were not hungry.

You visited 1 branch of the dungeon, and saw 2 of its levels.

You collected 22 gold pieces.

Inventory:

Hand Weapons
 a - a +0 hand axe (weapon)
Armour
 b - a +0 animal skin (worn)
Scrolls
 g - a scroll of identify {unknown}
Potions
 e - a potion of invisibility {unknown}
Comestibles
 c - a bread ration
 d - a slice of pizza
 f - a meat ration


   Skills:
 - Level 3.6 Fighting
 + Level 4.9 Axes
 - Level 2.4 Armour
 - Level 2.1 Dodging


You had one spell level left.
You didn't know any spells.

Dungeon Overview and Level Annotations

Branches:
Dungeon (2/15)

Altars:


Innate Abilities, Weirdness & Mutations

You reflexively headbutt those who attack you in melee.
You have a pair of horns on your head.


Message History

Unknown command.
You barely miss the giant gecko. Your headbutt misses the giant gecko.
The giant gecko is almost dead.
The giant gecko barely misses you. You furiously retaliate!
You headbutt the giant gecko.
You kill the giant gecko!
Trog accepts your kill.
Unknown command.
You see here a dart slug corpse.
A rat comes into view.
The rat bites you but does no damage.
There is a stone staircase leading down here.
A rat is nearby!
Unknown command.
Unknown command.
You closely miss the rat. Your headbutt misses the rat.
The rat closely misses you.
You hit the rat but do no damage. The rat barely misses you.
You barely miss the rat. The rat bites you.
You die...

#.. ..# #.# ...#
##.# ####[..#
##..###.)..#
#.....†††#
#..###)..# ####
####.##...###
...##.......###
#....#@.####
##..##r## .. .
##.....####### #.#
..#####..#..........
#.#
.........†.....#..##
#.# ...........#####
..# #.###
.......)(#.# . #.#..
...........# #.
#.#.# ...........#
#.###...#


You could see a rat.

Vanquished Creatures
  A dart slug (D:1)
  A giant gecko (D:1)
  A ball python (D:2)
  A giant cockroach (D:2)
  3 hobgoblins
  3 kobolds (D:1)
  2 quokkas (D:2)
  3 giant newts (D:1)
  2 goblins
  A rat (D:1)
18 creatures vanquished.

Vanquished Creatures (others)
  A minotaur (D:1)
  2 draconians (D:1)
  2 octopodes (D:1)
  A gargoyle (D:1)
  A vine stalker (D:1)
  A troll (D:1)
  A vampire (D:1)
  A dwarf (D:1)
  A mummy (D:1)
  2 orcs (D:1)
  2 kobolds (D:1)
  5 tentacles (D:1)
20 creatures vanquished.

Grand Total: 38 creatures vanquished

Notes
Turn   | Place    | Note
-------+----------+-------------------------------------------
     0 | D:1      | Ryco the Minotaur Berserker began the quest for the Orb.
     0 | D:1      | Reached XP level 1. HP: 19/19 MP: 0/0
     2 | D:1      | Noticed an octopode
     2 | D:1      | Noticed a vampire
     2 | D:1      | Noticed a troll
     2 | D:1      | Noticed a vine stalker
     2 | D:1      | Noticed a dwarf
     2 | D:1      | Noticed a gargoyle
     2 | D:1      | Noticed a kraken
     2 | D:1      | Noticed a minotaur
     2 | D:1      | Noticed an octopode
     2 | D:1      | Noticed a draconian
     2 | D:1      | Noticed a draconian
     3 | D:1      | Killed a gargoyle
     5 | D:1      | Killed an octopode
     5 | D:1      | Killed a vine stalker
     6 | D:1      | Killed a dwarf
     8 | D:1      | Killed a troll
     8 | D:1      | Killed a vampire
    10 | D:1      | Killed a minotaur
    13 | D:1      | Killed an octopode
    13 | D:1      | Killed a draconian
    15 | D:1      | Killed a draconian
    51 | D:1      | Reached skill level 4 in Axes
    72 | D:2      | Reached XP level 2. HP: 26/26 MP: 1/1
   129 | D:1      | HP: 1/26 [giant gecko (2)]
   142 | D:1      | Slain by a rat

Vault maps used:
D:1:      nicolae_arrival_kraken_aquarium_b, kennysheep_nondescript,
          minmay_domino_2

Skill      XL: |  1 |
---------------+----+-----
Axes           | 4 |  4.9
Fighting       | |  3.6
Armour         | |  2.4
Dodging        | |  2.1

Action                   || total
-------------------------++-------
Melee: Hand axe          ||    38
       Headbutt          ||     3
Armor: Animal skin       ||     5
Dodge: Dodged            ||    24
